Map: Data-C

Players

gumiho - Winner!

  • Race: Terran Terran
  • Spawn Location: 3:00

SKillous

  • Race: Protoss Protoss
  • League: Grandmaster
  • Spawn Location: 9:00

Event: HomeStory Cup XXII

VOD

Have the link to the VOD?

Description

Time

  • Played on: Dec. 17, 2022, 3:33 p.m.
  • Length: 15:42

All games in this series

Show
View Real Time Build Order
Export as new Build Order

gumiho Terran - Winner!

Build Orders: Cyclone Opening, Gas First Reaper Expand 

Get SALT Encoding   

  12  0:00  SCV  
  13  0:12  SCV  
  14  0:17  Supply Depot  
  14  0:24  SCV  
  14  0:27  Refinery  
  15  0:38  SCV  
  16  0:44  Barracks  
  16  0:50  SCV  
  17  1:02  SCV  
  18  1:14  SCV  
  19  1:31  Reaper, Orbital Command  
  20  1:42  Command Center  
  20  1:53  Factory  
  20  1:56  SCV  
  21  2:03  Refinery  
  21  2:05  Barracks Reactor  
  21  2:09  SCV  
  21  2:14  Supply Depot  
  22  2:21  SCV  
  23  2:36  SCV  
  24  2:38  Factory Tech Lab  
  24  2:40  Starport  
  24  2:42  Marine  
  24  2:43  Marine  
  26  2:48  SCV  
  27  2:59  Cyclone  
  27  3:00  SCV, Marine x2  
  32  3:08  Orbital Command  
  32  3:12  SCV  
  33  3:17  Medivac  
  35  3:21  Marine  
  35  3:24  SCV, Marine  
  38  3:28  Orbital Command  
  38  3:36  Cyclone, SCV  
  38  3:39  Supply Depot  
  42  3:43  Marine  
  42  3:45  Marine  
  44  3:48  SCV  
  45  3:57  SCV  
  45  3:59  Refinery  
  45  4:00  Starport Tech Lab  
  45  4:01  SCV, Marine  
  48  4:03  Marine  
  48  4:04  Supply Depot  
  48  4:09  SCV  
  50  4:13  SCV  
  51  4:17  Siege Tank  
  54  4:25  Supply Depot, SCV x2  
  59  4:33  Supply Depot  
  59  4:37  SCV x2  
  61  4:42  Barracks, Marine  
  62  4:46  Marine  
  62  4:48  Engineering Bay  
  62  4:52  SCV x2  
  65  4:55  Raven  
  65  4:59  Marine  
  62  5:04  SCV, Marine  
  62  5:05  SCV  
  63  5:10  Siege Tank  
  66  5:16  SCV  
  66  5:17  SCV, Marine  
  69  5:22  Marine  
  69  5:25  Terran Infantry Weapons Level 1  
  69  5:29  SCV x2  
  69  5:35  Marine  
  69  5:40  Marine  
  69  5:41  SCV x2  
  72  5:50  Siege Tank  
  72  5:53  Supply Depot, SCV  
  72  5:55  Missile Turret  
  76  6:03  SCV  
  77  6:05  SCV  
  77  6:12  Stimpack, Starport Reactor  
  77  6:14  Marine  
  77  6:15  SCV, Marine  
  77  6:17  SCV  
  81  6:19  Supply Depot  
  81  6:20  Supply Depot  
  81  6:32  Marine  
  78  6:33  Marine  
  78  6:46  SCV x2  
  72  6:50  Marine x2  
  72  6:53  Command Center  
  73  6:55  Marine  
  73  6:58  SCV x2, Siege Tank  
  76  7:08  Marine x2  
  77  7:10  SCV x2  
  77  7:13  Marine  
  77  7:22  SCV  
  78  7:23  Command Center  
  78  7:24  Medivac x2  
  78  7:25  Marine  
  78  7:26  Marine  
  78  7:28  SCV  
  85  7:30  Supply Depot  
  85  7:31  Marine  
  85  7:32  Supply Depot, Barracks  
  85  7:33  Terran Infantry Armor Level 1  
  85  7:34  SCV  
  87  7:43  Marine  
  88  7:44  Marine  
  88  7:46  SCV  
  88  7:47  SCV  
  88  7:48  Barracks  
  91  7:52  Combat Shield, Factory Reactor  
  91  7:58  Refinery, SCV  
  91  7:59  SCV  
  91  8:03  Marine x3  
  91  8:04  Barracks  
  94  8:10  SCV  
  94  8:11  SCV  
  96  8:20  Marine x2  
  96  8:21  Marine  
  96  8:22  SCV  
  96  8:23  SCV  
  96  8:24  Missile Turret  
  101  8:28  Medivac x2  
  101  8:32  Widow Mine x2  
  109  8:36  Armory  
  109  8:37  Orbital Command  
  109  8:38  SCV, Marine x2  
  109  8:39  SCV, Marine  
  114  8:48  Barracks Tech Lab, Marauder  
  116  8:53  Widow Mine x2  
  120  8:56  Marine x2  
  120  9:01  Supply Depot  
  122  9:04  Supply Depot  
  122  9:06  Marauder  
  122  9:09  Marauder  
  128  9:10  Marauder  
  128  9:12  Barracks Reactor  
  128  9:18  Widow Mine  
  128  9:19  Ghost Academy  
  128  9:21  Widow Mine  
  132  9:29  Marauder, Marine  
  132  9:30  Marauder  
  135  9:32  Marauder  
  137  9:40  Marine  
  137  9:44  Widow Mine x2  
  142  9:50  Marauder  
  142  9:52  Marauder  
  146  9:53  Marauder  
  142  10:06  Marine x2  
  144  10:07  Marine x2  
  144  10:12  Marauder, Ghost  
  148  10:14  Marine  
  142  10:24  Marine, Orbital Command  
  142  10:26  Concussive Shells  
  140  10:28  Marine x2  
  136  10:37  Marauder x2, Marine  
  136  10:41  Marine  
  136  10:42  Marine  
  143  10:46  Marine  
  140  10:58  Marine x2, Ghost x2  
  140  10:59  Ghost  
  138  11:06  Marine x2  
  140  11:14  Supply Depot x2  
  140  11:15  Supply Depot, Terran Infantry Weapons Level 2  
  140  11:16  Marine  
  140  11:17  Marine  
  142  11:18  Enhanced Shockwaves  
  142  11:24  Marine  
  142  11:25  Marine  
  144  11:26  Widow Mine x2, Marine  
  149  11:33  Supply Depot x2  
  149  11:37  Sensor Tower  
  149  11:39  Medivac x2  
  153  11:43  Refinery  
  153  11:44  Refinery  
  153  11:47  Marine x4  
  153  11:49  Marine x2  
  153  11:53  Marauder  
  156  12:09  Viking x2  
  156  12:13  Marauder x2, Marine x2  
  166  12:25  Command Center  
  166  12:31  Marauder  
  168  12:38  Marauder x2, Marine x4  
  168  12:39  Medivac x2  
  168  12:40  Widow Mine  
  182  12:48  Supply Depot x2  
  184  12:58  Widow Mine  
  184  13:01  Widow Mine  
  186  13:09  Medivac x2  
  186  13:11  Terran Ship Weapons Level 1  
  186  13:33  Marauder x2, Marine x3  
  193  13:35  Marine  
  193  13:36  Marauder  
  195  13:42  Viking x2  
  197  13:51  Marine x2  
  198  14:20  Planetary Fortress  
  198  14:21  Marine  
  198  14:22  Marauder  
  200  14:40  Command Center  
  200  14:42  Command Center  
  200  14:45  Missile Turret  
  200  14:50  Viking  
  194  14:57  Marauder x2  
  194  14:58  Marauder, Marine  
  187  15:02  Marine x3  
  187  15:05  Viking  
  150  15:15  Missile Turret  
  150  15:16  Marine  
  150  15:18  Marauder  
  150  15:19  Marauder x2  
  150  15:20  Marine x2  
  159  15:21  Marine  
Show
View Real Time Build Order
Export as new Build Order

SKillous Protoss 

Build Orders: 1 Gate Expand, Zealot Archon, Dark Templar Rush 

Get SALT Encoding   

  12  0:00  Probe  
  13  0:12  Probe  
  14  0:17  Pylon  
  14  0:24  Probe  
  15  0:35  Gateway  
  15  0:37  Probe (Chrono Boost)  
  16  0:47  Probe (Chrono Boost), Assimilator  
  17  0:52  Probe (Chrono Boost)  
  18  1:04  Probe  
  19  1:16  Probe  
  20  1:24  Cybernetics Core  
  20  1:34  Nexus  
  20  1:40  Pylon  
  20  1:42  Probe  
  21  1:49  Assimilator  
  21  1:54  Probe  
  21  1:57  Adept (Chrono Boost), Warp Gate (Chrono Boost)  
  24  2:07  Probe  
  25  2:19  Probe  
  25  2:20  Stalker  
  27  2:31  Probe  
  27  2:34  Twilight Council  
  28  2:43  Probe  
  29  2:46  Probe  
  29  2:55  Probe (Chrono Boost)  
  30  3:01  Probe (Chrono Boost)  
  30  3:07  Probe (Chrono Boost)  
  30  3:12  Dark Shrine  
  32  3:14  Probe (Chrono Boost)  
  32  3:16  Probe (Chrono Boost)  
  33  3:22  Gateway, Probe (Chrono Boost)  
  35  3:27  Probe (Chrono Boost)  
  35  3:28  Probe (Chrono Boost)  
  36  3:36  Probe x2  
  38  3:47  Pylon  
  39  3:48  Probe (Chrono Boost)  
  39  3:53  Probe (Chrono Boost)  
  39  3:54  Robotics Facility  
  40  3:58  Probe (Chrono Boost), Stalker  
  40  4:02  Probe (Chrono Boost)  
  44  4:03  Probe (Chrono Boost), Pylon  
  45  4:12  Probe  
  46  4:18  Shield Battery, Probe  
  46  4:21  Stalker  
  49  4:24  Probe  
  49  4:25  Dark Templar  
  49  4:29  Shield Battery  
  49  4:31  Assimilator  
  53  4:32  Probe (Chrono Boost)  
  53  4:33  Assimilator  
  53  4:38  Probe (Chrono Boost)  
  53  4:41  Observer  
  53  4:44  Dark Templar  
  58  4:47  Probe (Chrono Boost)  
  58  4:48  Probe (Chrono Boost)  
  58  4:49  Pylon  
  59  4:54  Probe  
  59  4:58  Charge (Chrono Boost)  
  60  5:06  Probe  
  61  5:10  Nexus  
  59  5:15  Dark Templar  
  59  5:17  Probe  
  62  5:22  Probe  
  62  5:25  Immortal (Chrono Boost)  
  67  5:34  Sentry  
  69  5:36  Gateway  
  69  5:37  Probe  
  69  5:38  Gateway  
  68  5:53  Probe  
  69  6:00  Gateway  
  69  6:05  Shield Battery  
  69  6:08  Pylon  
  69  6:09  Probe  
  70  6:12  Pylon  
  70  6:18  Gateway  
  70  6:22  Probe  
  70  6:23  Dark Templar  
  70  6:24  Gateway  
  70  6:25  Dark Templar, Gateway  
  73  6:27  Gateway  
  71  6:32  Archon  
  71  6:35  Zealot x2  
  71  6:38  Probe  
  71  6:41  Warp Prism (Chrono Boost)  
  71  6:42  Probe  
  71  6:43  Probe  
  70  6:56  Stalker x2  
  70  6:58  Stalker  
  70  7:00  Dark Templar  
  77  7:03  Probe (Chrono Boost)  
  77  7:07  Probe (Chrono Boost)  
  80  7:09  Sentry  
  80  7:13  Probe (Chrono Boost)  
  80  7:15  Probe (Chrono Boost)  
  83  7:19  Probe (Chrono Boost)  
  83  7:20  Probe (Chrono Boost)  
  83  7:21  Probe (Chrono Boost)  
  86  7:27  Pylon  
  86  7:28  Probe  
  86  7:29  Dark Templar  
  89  7:30  Pylon  
  89  7:32  Blink (Chrono Boost)  
  89  7:34  Dark Templar x2  
  89  7:35  Archon  
  93  7:38  Archon  
  93  7:46  Forge  
  93  7:48  Pylon  
  93  7:51  Pylon  
  93  7:54  Probe  
  98  8:03  Protoss Ground Weapons Level 1 (Chrono Boost), Nexus  
  94  8:07  Probe x2  
  94  8:08  Probe  
  97  8:19  Probe  
  99  8:20  Dark Templar x2, Probe  
  99  8:21  Dark Templar, Pylon  
  99  8:24  Dark Templar  
  99  8:25  Archon  
  107  8:29  Archon  
  107  8:35  Zealot, Pylon  
  107  8:37  Gateway  
  107  8:38  Pylon  
  107  8:39  Observer  
  110  8:42  Probe x3  
  110  8:47  Zealot x3  
  115  8:49  Zealot  
  115  8:53  Pylon  
  117  9:03  Nexus  
  117  9:05  Pylon  
  117  9:10  Zealot x5  
  117  9:14  Probe  
  117  9:16  Probe  
  125  9:43  Stalker x7  
  125  9:44  Zealot x3  
  140  9:45  Probe  
  140  9:48  Probe  
  140  9:51  Observer (Chrono Boost)  
  140  9:52  Probe  
  141  9:59  Probe  
  142  10:04  Shield Battery, Robotics Facility  
  142  10:06  Protoss Ground Weapons Level 2 (Chrono Boost)  
  142  10:07  Robotics Bay  
  142  10:10  Stalker x3  
  142  10:12  Observer  
  149  10:14  Pylon x2  
  149  10:23  Zealot x3  
  149  10:27  Stalker  
  153  10:29  Dark Templar  
  145  10:36  Stalker x2  
  145  10:41  Probe x3  
  152  10:47  Nexus  
  152  10:56  Colossus (Chrono Boost)  
  156  10:58  Pylon  
  156  11:01  Colossus (Chrono Boost)  
  162  11:06  Dark Templar  
  162  11:08  Pylon  
  162  11:10  Forge  
  164  11:15  Pylon  
  164  11:16  Pylon  
  164  11:18  Archon  
  164  11:19  Shield Battery  
  164  11:21  Extended Thermal Lance (Chrono Boost)  
  164  11:26  Zealot  
  164  11:28  Zealot  
  168  11:35  Warp Prism (Chrono Boost)  
  168  11:39  Colossus (Chrono Boost)  
  176  11:47  Pylon  
  176  11:48  Protoss Ground Armor Level 1 (Chrono Boost)  
  176  11:53  Nexus  
  166  12:03  Pylon  
  166  12:05  Zealot x7  
  180  12:11  Shadow Stride  
  180  12:13  Probe x4  
  180  12:14  Probe, Assimilator  
  180  12:15  Assimilator  
  185  12:25  Probe  
  185  12:26  Disruptor (Chrono Boost)  
  186  12:33  Observer  
  186  12:35  Zealot, Dark Templar  
  186  12:36  Zealot x2  
  186  12:37  Observer (Chrono Boost)  
  197  12:42  Assimilator  
  197  12:43  Photon Cannon  
  197  12:44  Photon Cannon, Assimilator  
  197  12:49  Photon Cannon  
  197  12:53  Protoss Ground Weapons Level 3 (Chrono Boost)  
  197  13:03  Gravitic Drive (Chrono Boost)  
  198  13:05  Observer (Chrono Boost)  
  198  13:08  Pylon  
  198  13:12  Observer (Chrono Boost)  
  198  13:20  Gateway  
  198  13:22  Gateway  
  198  13:24  Gateway  
  198  13:26  Gateway  
  193  13:28  Gateway  
  193  13:30  Gateway, Stalker x6  
  193  13:34  Probe x2  
  188  13:54  Zealot x8  
  188  13:55  Zealot  
  190  14:12  Photon Cannon  
  190  14:14  Photon Cannon  
  190  14:16  Shield Battery  
  190  14:22  Zealot x5  
  194  14:39  Disruptor (Chrono Boost)  
  194  14:40  Disruptor (Chrono Boost)  
  200  14:46  Photon Cannon  
  200  14:48  Photon Cannon  
  200  14:49  Shield Battery  
  200  14:51  Pylon  
  172  14:56  Zealot x10  
  111  15:11  Zealot x6  
  111  15:12  Disruptor (Chrono Boost)  
  88  15:27  Zealot  
  88  15:28  Zealot x3  
  88  15:34  Zealot x4  
Tags
 
Add a new tag
Caveats
  • Supply blocks, unpowered buildings, or Contaminate may cause inaccurate times.
  • Supply counts are checked every 10 seconds.